[Event "Zalakaros Barczay Memorial 2020"]
[Site "Zalakaros"]
[Date "2020.08.31"]
[Round "1.1"]
[White "Aczel, Gergely"]
[Black "Ilyes, Peter"]
[Result "1-0"]
[ECO "A96"]
[WhiteElo "2532"]
[BlackElo "1902"]
[Annotator "ChessBase"]
[PlyCount "73"]
[EventDate "2020.08.31"]
[EventType "swiss"]
[EventCountry "HUN"]
[SourceTitle "playchess.com"]
[Source "ChessBase"]
[SourceQuality "1"]
[TimeControl "40/5400+30:1800+30"]

1. d4 e6 2. c4 f5 3. g3 Nf6 4. Bg2 Be7 5. Nf3 O-O 6. O-O d6 7. Nc3 a5 8. Qc2 Nc6 9. e4 e5 10. dxe5 dxe5 11. Rd1 Qe8 12. Bg5 Qh5 13. Bxf6 Bxf6 14. Nd5 Bd8 15. Re1 f4 16. Qc3 fxg3 17. hxg3 Bg4 18. Re3 Ra6 19. Rd1 Nd4 20. Nxe5 Bxd1 21. Qxd4 Ba4 22. b3 c5 23. Qc3 Re6 24. Nd3 Bc6 25. N3f4 Qe8 26. Nxe6 Qxe6 27. e5 Qf5 28. Qe1 Re8 29. e6 Bxd5 30. Bxd5 Re7 31. Rf3 Qg5 32. Qe4 b6 33. Rf7 h5 34. Rf5 Qh6 35. Qf3 g6 36. Rf7 Qg5 37. Rf8+ 1-0

[Event "Zalakaros Barczay Memorial 2020"]
[Site "Zalakaros"]
[Date "2020.08.31"]
[Round "1.2"]
[White "Deak, Laszlo"]
[Black "Kaczur, Florian"]
[Result "0-1"]
[ECO "C48"]
[WhiteElo "1890"]
[BlackElo "2488"]
[Annotator "ChessBase"]
[PlyCount "86"]
[EventDate "2020.08.31"]
[EventType "swiss"]
[EventCountry "HUN"]
[SourceTitle "playchess.com"]
[Source "ChessBase"]
[SourceQuality "1"]
[TimeControl "40/5400+30:1800+30"]

1. e4 e5 2. Nc3 Nf6 3. Nf3 Nc6 4. Bb5 Bd6 5. O-O O-O 6. d4 exd4 7. Nxd4 Be5 8. Nf5 d6 9. Bg5 Bxf5 10. exf5 Ne7 11. f4 Bxc3 12. bxc3 Ned5 13. Qf3 c6 14. Bc4 Qb6+ 15. Kh1 Qe3 16. Bxd5 Nxd5 17. c4 Qxf3 18. Rxf3 Nb6 19. c5 dxc5 20. Be7 Rfe8 21. Bxc5 Nd7 22. Bg1 b6 23. Rd1 Nf6 24. h3 h5 25. Re3 Rxe3 26. Bxe3 Re8 27. Re1 Nd5 28. Bd2 Rxe1+ 29. Bxe1 Ne3 30. c3 Nxf5 31. a4 Nd6 32. g4 hxg4 33. hxg4 Nc4 34. Kg2 Nb2 35. Kf3 Nxa4 36. Ke4 Nc5+ 37. Ke3 Kf8 38. c4 Nb7 39. Bb4+ c5 40. Bc3 Nd6 41. Kd3 g6 42. Be5 Ke7 43. Kc3 f6 0-1

[Event "Zalakaros Barczay Memorial 2020"]
[Site "Zalakaros"]
[Date "2020.08.31"]
[Round "1.3"]
[White "Horvath, Adam"]
[Black "Gal, Lajos"]
[Result "1-0"]
[ECO "C42"]
[WhiteElo "2497"]
[BlackElo "1897"]
[Annotator "ChessBase"]
[PlyCount "45"]
[EventDate "2020.08.31"]
[EventType "swiss"]
[EventCountry "HUN"]
[SourceTitle "playchess.com"]
[Source "ChessBase"]
[SourceQuality "1"]
[TimeControl "40/5400+30:1800+30"]

1. e4 e5 2. Nf3 Nf6 3. Nxe5 d6 4. Nf3 Nxe4 5. Nc3 Nxc3 6. dxc3 Be7 7. Bf4 Be6 8. Nd4 Bd7 9. Bd3 Qc8 10. O-O O-O 11. Qh5 g6 12. Qf3 Bg4 13. Qe4 Bf6 14. Rfe1 Na6 15. Bh6 Nc5 16. Qf4 Bg7 17. Bxg7 Kxg7 18. Re7 Nxd3 19. cxd3 Kg8 20. Rae1 Bd7 21. Qh6 Re8 22. Nf3 Rxe7 23. Rxe7 1-0

[Event "Zalakaros Barczay Memorial 2020"]
[Site "Zalakaros"]
[Date "2020.08.31"]
[Round "1.4"]
[White "Somogyi, Gabor"]
[Black "Pasti, Aron"]
[Result "0-1"]
[ECO "D56"]
[WhiteElo "1830"]
[BlackElo "2270"]
[Annotator "ChessBase"]
[PlyCount "112"]
[EventDate "2020.08.31"]
[EventType "swiss"]
[EventCountry "HUN"]
[SourceTitle "playchess.com"]
[Source "ChessBase"]
[SourceQuality "1"]
[TimeControl "40/5400+30:1800+30"]

1. d4 d5 2. Nf3 Nf6 3. c4 e6 4. Bg5 Be7 5. Nc3 h6 6. Bh4 O-O 7. e3 Nbd7 8. cxd5 Nxd5 9. Bxe7 Qxe7 10. Nxd5 exd5 11. Bd3 Nf6 12. Qc2 Be6 13. Qc5 Qd8 14. Rc1 c6 15. O-O Nd7 16. Qb4 Qc7 17. Qd2 a5 18. Bb1 Rfc8 19. Qd3 g6 20. Nh4 Nf8 21. Qd2 Kh7 22. f4 f5 23. Nf3 Nd7 24. Ne5 Nxe5 25. fxe5 b6 26. g4 Qd7 27. Kh1 Rf8 28. gxf5 Rxf5 29. Bxf5 Bxf5 30. Kg1 Rf8 31. Qf2 c5 32. Qg3 c4 33. Rf2 b5 34. Rcf1 b4 35. Qh4 h5 36. Qg5 Rf7 37. h4 a4 38. Rf4 c3 39. R4f2 c2 40. b3 axb3 41. axb3 Qc8 42. e4 dxe4 43. Qd2 Rc7 44. Rc1 Rc3 45. Qg5 e3 46. Re2 Rxb3 47. Rxe3 Rb1 48. Ree1 Rxc1 49. Qe7+ Kh8 50. Rxc1 b3 51. Qb4 Be4 52. Qxb3 Qg4+ 53. Kf1 Qf4+ 54. Ke2 Qxc1 55. Qb8+ Kh7 56. Qc7+ Kh6 0-1

[Event "Zalakaros Barczay Memorial 2020"]
[Site "Zalakaros"]
[Date "2020.08.31"]
[Round "1.5"]
[White "Leszko, Bence"]
[Black "Csiszar, Albert"]
[Result "1-0"]
[ECO "C10"]
[WhiteElo "2305"]
[BlackElo "1866"]
[Annotator "ChessBase"]
[PlyCount "47"]
[EventDate "2020.08.31"]
[EventType "swiss"]
[EventCountry "HUN"]
[SourceTitle "playchess.com"]
[Source "ChessBase"]
[SourceQuality "1"]
[TimeControl "40/5400+30:1800+30"]

1. e4 e6 2. d4 d5 3. Nc3 c6 4. Nf3 f5 5. exf5 exf5 6. Ne5 g6 7. Bd3 Qh4 8. Qe2 Be7 9. Nf3 Qg4 10. h3 Qh5 11. Bf4 Nf6 12. Be5 Kf7 13. O-O-O Qh6+ 14. Kb1 Re8 15. g4 Ne4 16. gxf5 Nxc3+ 17. bxc3 Bxf5 18. Bxf5 gxf5 19. Qd3 Qh5 20. Rhg1 Nd7 21. Ng5+ Bxg5 22. Qxf5+ Ke7 23. Rde1 Qg6 24. Bc7+ 1-0

[Event "Zalakaros Barczay Memorial 2020"]
[Site "Zalakaros"]
[Date "2020.08.31"]
[Round "1.6"]
[White "Alexandrova, Angelina"]
[Black "Dobos, Jozsef"]
[Result "1/2-1/2"]
[ECO "A04"]
[WhiteElo "1815"]
[BlackElo "2254"]
[Annotator "ChessBase"]
[PlyCount "44"]
[EventDate "2020.08.31"]
[EventType "swiss"]
[EventCountry "HUN"]
[SourceTitle "playchess.com"]
[Source "ChessBase"]
[SourceQuality "1"]
[TimeControl "40/5400+30:1800+30"]

1. Nf3 g6 2. e4 Bg7 3. Nc3 c5 4. Bc4 Nc6 5. O-O d6 6. a3 Nf6 7. d4 cxd4 8. Nxd4 O-O 9. Bg5 h6 10. Bh4 Nxd4 11. Qxd4 Be6 12. Bxe6 fxe6 13. e5 dxe5 14. Qxe5 Qd6 15. Rfe1 Qxe5 16. Rxe5 Nd5 17. Rxe6 Nxc3 18. bxc3 g5 19. Bg3 Kf7 20. Rae1 Bf6 21. R6e3 Rfd8 22. Be5 Rd7 1/2-1/2

[Event "Zalakaros Barczay Memorial 2020"]
[Site "Zalakaros"]
[Date "2020.08.31"]
[Round "1.7"]
[White "Pasztor, Ferenc"]
[Black "Marosvolgyi, Ferenc"]
[Result "1-0"]
[ECO "E91"]
[WhiteElo "2231"]
[BlackElo "1811"]
[Annotator "ChessBase"]
[PlyCount "77"]
[EventDate "2020.08.31"]
[EventType "swiss"]
[EventCountry "HUN"]
[SourceTitle "playchess.com"]
[Source "ChessBase"]
[SourceQuality "1"]
[TimeControl "40/5400+30:1800+30"]

1. d4 d6 2. c4 g6 3. Nc3 Bg7 4. e4 Nf6 5. Be2 O-O 6. Nf3 Nc6 7. d5 Nb4 8. a3 Na6 9. Be3 c6 10. Rc1 Nc7 11. h3 h5 12. Qd2 Nh7 13. Bh6 Ne8 14. g4 Nef6 15. Nd4 e5 16. Nc2 h4 17. dxc6 bxc6 18. Bxg7 Kxg7 19. Rd1 Ne8 20. c5 Qg5 21. cxd6 Bd7 22. Ne3 Rd8 23. Nc4 f6 24. Na4 Qxd2+ 25. Rxd2 Ng5 26. Nc5 Ne6 27. b4 Nd4 28. f4 Nxe2 29. Kxe2 exf4 30. Kf3 g5 31. Re1 Kg8 32. e5 fxe5 33. Rxe5 Nf6 34. Rxg5+ Kh7 35. Re5 Kg7 36. Re7+ Kh6 37. Ne5 Be8 38. Ne6 Nd5 39. g5+ 1-0

[Event "Zalakaros Barczay Memorial 2020"]
[Site "Zalakaros"]
[Date "2020.08.31"]
[Round "1.8"]
[White "Gyorfi, Norbert"]
[Black "Hardicsay, Peter"]
[Result "0-1"]
[ECO "B22"]
[WhiteElo "1745"]
[BlackElo "2196"]
[Annotator "NA"]
[PlyCount "56"]
[EventDate "2020.08.31"]
[EventType "swiss"]
[EventCountry "HUN"]
[SourceTitle "playchess.com"]
[Source "ChessBase"]
[SourceQuality "1"]
[TimeControl "40/5400+30:1800+30"]

1. e4 c5 2. c3 Nf6 3. e5 Nd5 4. d4 cxd4 5. Nf3 Nc6 6. Bc4 Nb6 7. Bb3 d5 8. exd6 Qxd6 9. O-O Be6 10. Na3 a6 11. Bxe6 Qxe6 12. Re1 {[%emt 0:09:51] B22: Sicilian: 2 c3.} Qd5 13. cxd4 e6 14. Nc2 Be7 {[%emt 0:04:48] [#]} 15. Bf4 $146 ({Predecessor:} 15. Ne3 Qd6 16. Ng4 Rc8 17. a3 O-O 18. Nge5 Nxe5 19. Nxe5 Nc4 20. Bf4 Qd5 21. b3 Nxa3 {0-1 (29) Harasta,I (2150)-Cuker,D (2078) Slovakia 2010}) 15... Qd8 16. Qe2 Nd5 17. Bg3 O-O 18. a3 Rc8 19. Rad1 Qb6 20. Ne3 Rfd8 21. b4 $2 (21. h3 $15) 21... Nc3 $1 {[%emt 0:00:30] Double Attack} 22. Qd2 Nxd1 23. Rxd1 a5 24. Nc4 $19 Qb5 25. Nce5 axb4 26. axb4 Nxe5 27. Nxe5 Qd5 28. Qf4 f6 0-1

[Event "Zalakaros Barczay Memorial 2020"]
[Site "Zalakaros"]
[Date "2020.08.31"]
[Round "1.9"]
[White "Meszaros, Andras"]
[Black "Lukacs, Laszlo"]
[Result "1-0"]
[ECO "B40"]
[WhiteElo "2203"]
[BlackElo "1750"]
[Annotator "ChessBase"]
[PlyCount "51"]
[EventDate "2020.08.31"]
[EventType "swiss"]
[EventCountry "HUN"]
[SourceTitle "playchess.com"]
[Source "ChessBase"]
[SourceQuality "1"]
[TimeControl "40/5400+30:1800+30"]

1. e4 c5 2. Nf3 e6 3. Be2 Nc6 4. c4 Nd4 5. O-O Nxe2+ 6. Qxe2 Ne7 7. d4 cxd4 8. Nxd4 e5 9. Nc2 Nc6 10. Be3 d6 11. Nc3 Be6 12. Rfd1 Qf6 13. Nd5 Bxd5 14. cxd5 Nd8 15. Qb5+ Ke7 16. Rac1 Qg6 17. Nd4 Kf6 18. Nf5 Qh5 19. f3 g5 20. Qd7 Qg6 21. Rc7 h5 22. Rdc1 Qh7 23. Rc8 Rxc8 24. Rxc8 Ne6 25. dxe6 fxe6 26. Rxf8+ 1-0

[Event "Zalakaros Barczay Memorial 2020"]
[Site "Zalakaros"]
[Date "2020.08.31"]
[Round "1.10"]
[White "Dlauchy, Peter"]
[Black "Boguszlavszkij, Jevgenyij"]
[Result "0-1"]
[ECO "B01"]
[WhiteElo "1690"]
[BlackElo "2168"]
[Annotator "NA"]
[PlyCount "66"]
[EventDate "2020.08.31"]
[EventType "swiss"]
[EventCountry "HUN"]
[SourceTitle "playchess.com"]
[Source "ChessBase"]
[SourceQuality "1"]
[TimeControl "40/5400+30:1800+30"]

1. e4 d5 2. exd5 Nf6 3. d4 Bg4 4. Be2 Bxe2 5. Qxe2 Qxd5 6. Nf3 e6 7. Nc3 {[%emt 0:01:57] B01: Scandinavian Defence.} Bb4 8. O-O Bxc3 9. bxc3 O-O 10. c4 Qh5 {[%emt 0:01:15] [#]} 11. Rb1 $146 ({Predecessor:} 11. Bf4 c6 12. Rab1 b6 13. Rfe1 Nbd7 14. Qd2 c5 15. c3 Rac8 16. Ne5 cxd4 17. cxd4 Nxe5 18. Rxe5 {0-1 (29) Smith,O (1986)-Kett,T (2195) Hensol Park 2006}) 11... b6 12. Rb5 Qg6 13. Re1 h6 14. Ne5 Qh7 15. Rb3 Nbd7 16. Nxd7 Nxd7 17. Rg3 Kh8 $11 18. Bb2 Rae8 19. Bc1 Rg8 20. Qf3 (20. Ra3 $14) 20... Qxc2 21. Rh3 Qf5 22. Qc6 Nf6 23. Rf3 Qg6 24. Rg3 Qh5 25. Rh3 Qg4 26. Be3 Re7 27. Rg3 Qe4 28. Qa4 a5 29. Qd1 Qf5 30. Bxh6 gxh6 31. Rxg8+ Kxg8 32. Re5 $19 Qg4 33. Qd2 Rd7 0-1

[Event "Zalakaros Barczay Memorial 2020"]
[Site "Zalakaros"]
[Date "2020.08.31"]
[Round "1.11"]
[White "Bodrogi, Bendeguz"]
[Black "Borsfai, Attila"]
[Result "1-0"]
[ECO "A16"]
[WhiteElo "2078"]
[BlackElo "1684"]
[Annotator "NA"]
[PlyCount "135"]
[EventDate "2020.08.31"]
[EventType "swiss"]
[EventCountry "HUN"]
[SourceTitle "playchess.com"]
[Source "ChessBase"]
[SourceQuality "1"]
[TimeControl "40/5400+30:1800+30"]

1. c4 Nf6 2. Nc3 d6 3. g3 c6 4. Bg2 g6 5. Nf3 Bg7 6. O-O O-O 7. b3 Qc7 {[%emt 0:06:52] A16: English Opening: 1...Nf6 with ...d5.} 8. Bb2 e5 {[%emt 0:02:25] [#]} 9. Rc1 $146 ({Predecessor:} 9. Qc2 Nbd7 10. d4 Re8 11. e3 a6 12. Rac1 Nf8 13. Rfd1 Bf5 14. e4 Bg4 15. d5 c5 16. h3 Bxf3 17. Bxf3 h5 18. h4 N8h7 19. Kg2 {1-0 (61) Gritsak,O (2497)-Maliutin,O (2319) Lutsk 2017}) 9... Qe7 10. e4 Nh5 11. d4 f5 12. exf5 Bxf5 13. Re1 Nd7 14. dxe5 dxe5 15. Nd4 Qf6 16. Nxf5 Qxf5 17. Qe2 Nhf6 18. Rcd1 Rad8 19. Ne4 Nxe4 20. Bxe4 Qg5 21. Ba3 Rfe8 22. h4 Qf6 23. Rd6 Qf7 24. Rd3 Nf6 $16 25. Red1 Rxd3 26. Rxd3 Nxe4 27. Qxe4 Bf8 28. Bd6 Qf5 29. Qe2 Bxd6 30. Rxd6 e4 31. Qe3 a6 32. Kg2 Rf8 33. Qd4 Qf3+ 34. Kg1 e3 35. Qxe3 Qxe3 36. fxe3 Rf3 37. Rd8+ Kg7 38. Rd7+ Kh6 39. Rxb7 Rxg3+ 40. Kf2 Rh3 41. Rb6 Rh2+ 42. Kg3 Rxa2 43. Rxc6 Rb2 44. Rb6 a5 45. Rb5 Kg7 46. Kf4 h6 47. e4 Rh2 48. Kg3 Re2 49. Kf3 Rh2 50. Rxa5 Rh3+ 51. Kg4 Rxb3 52. Ra7+ Kf6 53. Ra6+ Kf7 54. h5 gxh5+ 55. Kf5 Rc3 56. Ra7+ Ke8 57. Ke6 Kd8 58. Kd5 Rd3+ 59. Ke5 Rg3 60. Ra6 Kd7 61. Rxh6 Rg5+ 62. Kd4 Kc7 63. e5 Kd7 64. Kd5 Ke7 65. c5 Kd7 66. c6+ Ke7 67. Rh7+ Kd8 68. Kd6 1-0

[Event "Zalakaros Barczay Memorial 2020"]
[Site "Zalakaros"]
[Date "2020.09.01"]
[Round "2.1"]
[White "Piroska, Istvan"]
[Black "Aczel, Gergely"]
[Result "0-1"]
[ECO "B40"]
[WhiteElo "2131"]
[BlackElo "2532"]
[Annotator "RC"]
[PlyCount "80"]
[EventDate "2020.08.31"]
[EventType "swiss"]
[EventCountry "HUN"]
[SourceTitle "playchess.com"]
[Source "ChessBase"]
[SourceQuality "1"]
[TimeControl "40/5400+30:1800+30"]

1. e4 c5 2. Nf3 e6 3. d4 cxd4 4. Nxd4 Nf6 5. Nc3 Bb4 6. e5 Nd5 7. Qg4 Kf8 8. Bd2 h5 9. Qg3 h4 10. Qg4 Nc6 11. Nxc6 bxc6 12. Bd3 Qa5 13. a3 Ba6 14. O-O Bxc3 15. bxc3 h3 16. Rfd1 Bxd3 17. cxd3 Ne7 18. d4 Nf5 19. g3 Qd5 20. f3 f6 21. Qe4 Rb8 22. Rab1 Kf7 23. exf6 gxf6 24. g4 Qxe4 25. fxe4 Rxb1 26. Rxb1 Nd6 27. Kf2 Nxe4+ 28. Ke3 Nxd2 29. Kxd2 Rg8 30. Rg1 f5 31. g5 Rb8 32. Kc2 Kg6 33. Rg3 Rh8 34. Kd3 Rh5 35. Ke3 d6 36. c4 e5 37. dxe5 dxe5 38. Kf2 f4 39. Rd3 Kxg5 40. Rd6 Rh6 0-1

[Event "Zalakaros Barczay Memorial 2020"]
[Site "Zalakaros"]
[Date "2020.09.02"]
[Round "3.4"]
[White "Leszko, Bence"]
[Black "Stifter, Ewald"]
[Result "1-0"]
[ECO "A05"]
[WhiteElo "2305"]
[BlackElo "1937"]
[Annotator "ChessBase"]
[PlyCount "74"]
[EventDate "2020.08.31"]
[EventType "swiss"]
[EventCountry "HUN"]
[SourceTitle "playchess.com"]
[Source "ChessBase"]
[SourceQuality "1"]
[TimeControl "40/5400+30:1800+30"]

1. Nf3 Nf6 2. c4 c5 3. Nc3 g6 4. e4 d6 5. d4 cxd4 6. Nxd4 Bg7 7. Be2 O-O 8. Be3 Nc6 9. O-O Nxd4 10. Bxd4 Be6 11. f4 Rc8 12. b3 Qa5 13. Kh1 Rcd8 14. Qe1 b6 15. a3 Bg4 16. Bxg4 Nxg4 17. Bxg7 Kxg7 18. Rf3 h5 19. Qh4 Nf6 20. e5 dxe5 21. b4 Qa6 22. fxe5 Ng4 23. Re1 Qxc4 24. Qxe7 Rfe8 25. Qg5 Rd3 26. Nb1 Rxf3 27. gxf3 Rxe5 28. Qd2 Rxe1+ 29. Qxe1 Nf6 30. Kg1 Qd4+ 31. Kg2 Qb2+ 32. Kg3 h4+ 33. Kh3 g5 34. Nc3 Qxa3 35. Qe3 Kg6 36. Qd3+ Kh6 37. Qd4 Nh7 1-0

[Event "Zalakaros Barczay Memorial 2020"]
[Site "Zalakaros"]
[Date "2020.09.02"]
[Round "3.5"]
[White "Molnar Gabor, Roland"]
[Black "Dobos, Jozsef"]
[Result "0-1"]
[ECO "A45"]
[WhiteElo "2051"]
[BlackElo "2254"]
[Annotator "ChessBase"]
[PlyCount "72"]
[EventDate "2020.08.31"]
[EventType "swiss"]
[EventCountry "HUN"]
[SourceTitle "playchess.com"]
[Source "ChessBase"]
[SourceQuality "1"]
[TimeControl "40/5400+30:1800+30"]

1. d4 Nf6 2. Bf4 g6 3. Nc3 c5 4. dxc5 Qa5 5. Nf3 Bg7 6. Qd2 Qxc5 7. e4 d6 8. Be2 O-O 9. O-O Nc6 10. Bh6 Bg4 11. Bxg7 Kxg7 12. Rad1 Bxf3 13. Bxf3 Rac8 14. Na4 Qe5 15. Rfe1 b5 16. Nc3 b4 17. Na4 Qa5 18. b3 Ne5 19. a3 Nxf3+ 20. gxf3 Qh5 21. Re3 bxa3 22. c4 Rb8 23. Ra1 Qg5+ 24. Kh1 Rxb3 25. Rg1 Qf4 26. Nc3 Rb2 27. Qe1 a2 28. Ne2 Qh4 29. Ng3 Kh8 30. Ra3 Rfb8 31. Kg2 Rc2 32. Rf1 Nh5 33. Nxh5 gxh5 34. Rxa7 Rg8+ 35. Kh1 Qh3 36. Rg1 Qxf3+ 0-1

[Event "Zalakaros Barczay Memorial 2020"]
[Site "Zalakaros"]
[Date "2020.09.02"]
[Round "3.6"]
[White "Pasztor, Ferenc"]
[Black "Jeszenszky, Jozsef"]
[Result "1-0"]
[ECO "D02"]
[WhiteElo "2231"]
[BlackElo "2048"]
[Annotator "ChessBase"]
[PlyCount "79"]
[EventDate "2020.08.31"]
[EventType "swiss"]
[EventCountry "HUN"]
[SourceTitle "playchess.com"]
[Source "ChessBase"]
[SourceQuality "1"]
[TimeControl "40/5400+30:1800+30"]

1. d4 d5 2. Nf3 Nf6 3. g3 c6 4. Bg2 Bf5 5. Nh4 e6 6. Nxf5 exf5 7. O-O Be7 8. b3 O-O 9. c4 Ne4 10. f3 Nf6 11. Nc3 Nbd7 12. Qd3 g6 13. Bh6 Re8 14. Rad1 Bb4 15. Nb1 Qe7 16. Rf2 Rad8 17. Qc2 Qe6 18. c5 Ba5 19. Bf4 Rc8 20. b4 Bc7 21. Bxc7 Rxc7 22. Nc3 Rcc8 23. a4 a6 24. Rd3 Nf8 25. Qd2 Kg7 26. Rf1 Rc7 27. Re1 Rce7 28. b5 axb5 29. axb5 Ra8 30. b6 Ree8 31. e4 fxe4 32. fxe4 dxe4 33. Bxe4 Qc4 34. Re2 Ra3 35. Bf3 Rxe2 36. Bxe2 Ne6 37. Kg2 h6 38. d5 Nxc5 39. Rf3 cxd5 40. Bxc4 1-0

[Event "Zalakaros Barczay Memorial 2020"]
[Site "Zalakaros"]
[Date "2020.09.02"]
[Round "3.7"]
[White "Metaxasz, Vaszilisz"]
[Black "Hardicsay, Peter"]
[Result "1/2-1/2"]
[ECO "A20"]
[WhiteElo "2039"]
[BlackElo "2196"]
[Annotator "ChessBase"]
[PlyCount "30"]
[EventDate "2020.08.31"]
[EventType "swiss"]
[EventCountry "HUN"]
[SourceTitle "playchess.com"]
[Source "ChessBase"]
[SourceQuality "1"]
[TimeControl "40/5400+30:1800+30"]

1. c4 e5 2. g3 Nf6 3. Bg2 c6 4. d4 Bb4+ 5. Bd2 Bxd2+ 6. Qxd2 d6 7. Nc3 Qe7 8. dxe5 dxe5 9. Rd1 Be6 10. Nf3 Nbd7 11. b3 O-O 12. O-O h6 13. Qd6 Rfe8 14. Qxe7 Rxe7 15. Nd2 Bf5 1/2-1/2

[Event "Zalakaros Barczay Memorial 2020"]
[Site "Zalakaros"]
[Date "2020.09.02"]
[Round "3.8"]
[White "Bodrogi, Bendeguz"]
[Black "Ilyes, Peter"]
[Result "1-0"]
[ECO "A10"]
[WhiteElo "2078"]
[BlackElo "1902"]
[Annotator "ChessBase"]
[PlyCount "65"]
[EventDate "2020.08.31"]
[EventType "swiss"]
[EventCountry "HUN"]
[SourceTitle "playchess.com"]
[Source "ChessBase"]
[SourceQuality "1"]
[TimeControl "40/5400+30:1800+30"]

1. c4 f5 2. Nc3 Nf6 3. d4 e6 4. g3 Bb4 5. Bg2 O-O 6. Nf3 Ne4 7. Bd2 Bxc3 8. Bxc3 d6 9. O-O Nxc3 10. bxc3 Nd7 11. Rb1 c6 12. Qc2 e5 13. e4 f4 14. c5 dxc5 15. dxe5 Qe7 16. Qd2 fxg3 17. hxg3 Nxe5 18. Nxe5 Qxe5 19. Rfd1 Qf6 20. Qe3 b6 21. e5 Qe6 22. Rd6 Qxa2 23. Rbd1 Be6 24. Bxc6 Qb3 25. Qd2 Bc4 26. Bxa8 Rxa8 27. Rd8+ Rxd8 28. Qxd8+ Kf7 29. Qd7+ Kf8 30. Qc8+ Kf7 31. Rd7+ Kg6 32. Rd6+ Kg5 33. f4+ 1-0

[Event "Zalakaros Barczay Memorial 2020"]
[Site "Zalakaros"]
[Date "2020.09.02"]
[Round "3.9"]
[White "Somogyi, Gabor"]
[Black "Piroska, Istvan"]
[Result "0-1"]
[ECO "D24"]
[WhiteElo "1830"]
[BlackElo "2131"]
[Annotator "ChessBase"]
[PlyCount "106"]
[EventDate "2020.08.31"]
[EventType "swiss"]
[EventCountry "HUN"]
[SourceTitle "playchess.com"]
[Source "ChessBase"]
[SourceQuality "1"]
[TimeControl "40/5400+30:1800+30"]

1. Nf3 d5 2. d4 Nf6 3. c4 dxc4 4. Nc3 a6 5. a4 Nc6 6. e3 Na5 7. Ne5 Bf5 8. Nxc4 Nxc4 9. Bxc4 e6 10. f3 c5 11. dxc5 Qxd1+ 12. Nxd1 Bxc5 13. e4 Bg6 14. Be3 Rc8 15. Bxc5 Rxc5 16. Bb3 Ke7 17. Nc3 Nd7 18. O-O Ne5 19. Rfd1 Rd8 20. Rxd8 Kxd8 21. Rd1+ Ke7 22. Rd4 f6 23. Rb4 Rc7 24. Rb6 Bf7 25. Ne2 Nd7 26. Rb4 Nc5 27. Rb6 Nxb3 28. Rxb3 e5 29. Rb6 Rd7 30. Nc3 Kd8 31. a5 Kc7 32. Na4 Rd1+ 33. Kf2 Rc1 34. b4 Rc2+ 35. Kg3 Bc4 36. Nc5 Bf1 37. f4 Kc8 38. fxe5 fxe5 39. Nxb7 Rxg2+ 40. Kf3 Rxh2 41. Nd6+ Kd7 42. Nf7 Rh5 43. Rb7+ Ke6 44. Nd8+ Kf6 45. Rb6+ Ke7 46. Nc6+ Ke8 47. Rb7 Bb5 48. Re7+ Kf8 49. Rb7 Ke8 50. Rxb5 axb5 51. a6 Rh3+ 52. Ke2 Ra3 53. Na5 Rc3 0-1

[Event "Zalakaros Barczay Memorial 2020"]
[Site "Zalakaros"]
[Date "2020.09.02"]
[Round "3.10"]
[White "Biro, Sandor"]
[Black "Csiszar, Albert"]
[Result "1-0"]
[ECO "C00"]
[WhiteElo "2141"]
[BlackElo "1866"]
[Annotator "ChessBase"]
[PlyCount "53"]
[EventDate "2020.08.31"]
[EventType "swiss"]
[EventCountry "HUN"]
[SourceTitle "playchess.com"]
[Source "ChessBase"]
[SourceQuality "1"]
[TimeControl "40/5400+30:1800+30"]

1. e4 e6 2. Nf3 d5 3. e5 c5 4. b4 c4 5. a3 Bd7 6. d3 b5 7. dxc4 bxc4 8. Nc3 Ne7 9. h4 Qb6 10. Rb1 a6 11. Be2 Qc7 12. Bf4 Ng6 13. Bg3 Nc6 14. h5 Ngxe5 15. Nxe5 Nxe5 16. Nxd5 exd5 17. Qxd5 Bc6 18. Qxe5+ Qxe5 19. Bxe5 f6 20. Bc3 Bxg2 21. Rh4 a5 22. f3 axb4 23. axb4 Ra3 24. Kd2 f5 25. Rg1 Be7 26. Rxc4 Bg5+ 27. f4 1-0

[Event "Zalakaros Barczay Memorial 2020"]
[Site "Zalakaros"]
[Date "2020.09.02"]
[Round "3.11"]
[White "Alexandrova, Angelina"]
[Black "Boronyak, Arpad"]
[Result "1/2-1/2"]
[ECO "E62"]
[WhiteElo "1815"]
[BlackElo "2120"]
[Annotator "NA"]
[PlyCount "61"]
[EventDate "2020.08.31"]
[EventType "swiss"]
[EventCountry "HUN"]
[SourceTitle "playchess.com"]
[Source "ChessBase"]
[SourceQuality "1"]
[TimeControl "40/5400+30:1800+30"]

1. Nf3 Nf6 2. d4 d6 3. c4 g6 4. g3 Bg7 5. Bg2 O-O 6. O-O Nc6 7. Nc3 e5 8. d5 Ne7 9. e4 Bd7 10. b4 a5 11. Qb3 axb4 12. Qxb4 b6 13. a4 Qc8 ({Black should play} 13... Bc8 $11) 14. Bb2 Bh3 15. Nxe5 $1 Bxg2 16. Kxg2 $14 Re8 17. Nd3 h5 18. f3 g5 19. a5 bxa5 20. Rxa5 Rxa5 21. Qxa5 g4 22. Nb5 gxf3+ 23. Rxf3 Nxe4 24. Bxg7 Kxg7 25. Nxc7 Rf8 26. Re3 Qf5 27. Qe1 Ng5 28. Nf4 Ng6 29. Nxg6 Kxg6 30. Nb5 Ra8 31. Na3 1/2-1/2

[Event "Zalakaros Barczay Memorial 2020"]
[Site "Zalakaros"]
[Date "2020.09.03"]
[Round "4.1"]
[White "Kaczur, Florian"]
[Black "Aczel, Gergely"]
[Result "1-0"]
[ECO "B99"]
[WhiteElo "2488"]
[BlackElo "2532"]
[Annotator "RC"]
[PlyCount "81"]
[EventDate "2020.08.31"]
[EventType "swiss"]
[EventCountry "HUN"]
[SourceTitle "playchess.com"]
[Source "ChessBase"]
[SourceQuality "1"]
[TimeControl "40/5400+30:1800+30"]

1. e4 c5 2. Nf3 d6 3. d4 cxd4 4. Nxd4 Nf6 5. Nc3 a6 6. Bg5 e6 7. f4 Be7 8. Qf3 Nbd7 9. O-O-O Qc7 10. g4 b5 11. Bxf6 Nxf6 12. g5 Nd7 13. f5 O-O 14. Rg1 b4 15. Nce2 e5 16. f6 exd4 17. fxe7 Re8 18. Nxd4 Ne5 19. Qf4 Be6 20. Kb1 Rxe7 21. h4 a5 22. Rg2 a4 23. Rgd2 a3 24. Nxe6 Rxe6 25. Rd4 Rb8 26. Be2 axb2 27. Qd2 Rb6 28. Rxb4 Rc6 29. Bb5 Rc5 30. Ba4 Nc6 31. Rb5 g6 32. Rxc5 dxc5 33. Qd7 Qxd7 34. Rxd7 Ne5 35. Rc7 Nf3 36. Bc6 Nxh4 37. Bd5 Re5 38. a4 Ng2 39. a5 Ne3 40. a6 Nxd5 41. exd5 1-0

[Event "Zalakaros Barczay Memorial 2020"]
[Site "Zalakaros"]
[Date "2020.09.05"]
[Round "6.4"]
[White "Dobos, Jozsef"]
[Black "Hardicsay, Peter"]
[Result "1/2-1/2"]
[ECO "C96"]
[WhiteElo "2254"]
[BlackElo "2196"]
[Annotator "NA"]
[PlyCount "21"]
[EventDate "2020.08.31"]
[EventType "swiss"]
[EventCountry "HUN"]
[SourceTitle "playchess.com"]
[Source "ChessBase"]
[SourceQuality "1"]
[TimeControl "40/5400+30:1800+30"]

1. e4 e5 2. Nf3 Nc6 3. Bb5 a6 4. Ba4 Nf6 5. O-O b5 6. Bb3 Be7 7. Re1 d6 8. c3 O-O 9. h3 Na5 10. Bc2 c5 11. d4 1/2-1/2